Replay - Macro #2 - Expanding Aggressively

Build Order

Get SALT Encoding   

  12  0:01  Probe (Chrono Boost)  
  13  0:12  Probe (Chrono Boost)  
  14  0:19  Pylon  
  14  0:22  Probe (Chrono Boost)  
  15  0:38  Gateway, Probe (Chrono Boost)  
  15  0:41  Assimilator  
  16  0:48  Probe (Chrono Boost)  
  17  0:59  Probe (Chrono Boost)  
  18  1:09  Probe (Chrono Boost)  
  19  1:19  Nexus  
  19  1:21  Probe (Chrono Boost)  
  20  1:31  Cybernetics Core  
  20  1:34  Probe (Chrono Boost)  
  20  1:38  Assimilator  
  21  1:45  Probe (Chrono Boost)  
  22  1:49  Pylon  
  22  2:01  Probe (Chrono Boost)  
  22  2:08  Adept, Warp Gate  
  23  2:12  Probe (Chrono Boost)  
  26  2:17  Robotics Facility  
  26  2:23  Probe (Chrono Boost)  
  27  2:30  Pylon  
  27  2:31  Probe (Chrono Boost)  
  28  2:42  Mothership Core (Chrono Boost), Probe (Chrono Boost)  
  31  2:52  Probe (Chrono Boost)  
  31  2:54  Twilight Council  
  32  3:00  Probe (Chrono Boost)  
  32  3:02  Probe (Chrono Boost)  
  32  3:05  Warp Prism (Chrono Boost)  
  36  3:10  Probe  
  36  3:11  Probe  
  37  3:18  Gateway  
  38  3:22  Probe  
  38  3:23  Probe  
  40  3:27  Gateway  
  40  3:35  Gateway  
  40  3:37  Probe  
  41  3:44  Probe (Chrono Boost)  
  41  3:49  Dark Shrine, Probe (Chrono Boost)  
  43  3:55  Probe (Chrono Boost)  
  43  4:00  Probe (Chrono Boost)  
  45  4:02  Observer  
  46  4:10  Probe (Chrono Boost)  
  46  4:12  Pylon  
  46  4:15  Stalker  
  46  4:16  Stalker  
  50  4:23  Stalker  
  52  4:26  Nexus  
  52  4:30  Zealot  
  52  4:31  Probe  
  52  4:32  Stalker  
  52  4:33  Probe  
  56  4:43  Pylon  
  56  4:47  Adept x3  
  62  4:58  Probe  
  57  5:00  Probe  
  57  5:02  Assimilator x2, Blink (Chrono Boost)  
  58  5:08  Probe  
  58  5:12  Probe  
  60  5:17  Stalker x2  
  60  5:19  Stalker, Probe  
  67  5:24  Probe  
  68  5:30  Forge, Probe  
  68  5:32  Forge  
  69  5:36  Probe  
  69  5:40  Probe  
  71  5:43  Probe  
  71  5:47  Observer  
  71  5:48  Probe  
  74  5:51  Gateway, Probe  
  74  5:52  Gateway  
  74  5:54  Probe  
  74  5:58  Pylon  
  74  5:59  Dark Templar  
  74  6:00  Protoss Ground Weapons Level 1, Protoss Ground Armor Level 1  
  74  6:01  Dark Templar  
  78  6:08  Probe x2  
  80  6:19  Pylon, Probe  
  80  6:20  Pylon, Probe  
  80  6:21  Probe  
  80  6:22  Pylon  
  80  6:24  Observer (Chrono Boost)  
  84  6:31  Probe  
  85  6:33  Probe x2  
  85  6:37  Gateway x2  
  87  6:45  Observer (Chrono Boost)  
  88  6:47  Probe  
  88  6:48  Probe  
  88  6:50  Assimilator, Sentry  
  88  6:51  Assimilator, Zealot x3  
  98  6:58  Gateway  
  98  7:00  Gateway  
  98  7:03  Templar Archives  
  98  7:08  Probe x2  
  100  7:11  Immortal (Chrono Boost)  
  100  7:15  Zealot x3  
  110  7:20  Charge  
  110  7:28  Probe x2  
  110  7:32  Pylon  
  110  7:33  Pylon  
  110  7:38  Pylon  
  110  7:43  Pylon  
  110  7:46  Immortal (Chrono Boost)  
  110  7:47  Protoss Ground Weapons Level 2, Protoss Ground Armor Level 2  
  110  7:48  Psionic Storm  
  114  7:58  Adept x4  
  122  8:12  Adept x2  
  124  8:13  Adept x3  
  124  8:17  Zealot  
  124  8:18  Zealot x5  
  122  8:22  Zealot x6  
  122  8:23  Zealot x2  
  132  8:31  Immortal (Chrono Boost)  
  134  8:38  Stalker x2  
  138  8:43  Stalker  
  138  8:44  Stalker x4  
  148  9:00  Nexus  
  148  9:02  Pylon  
  148  9:04  Pylon  
  148  9:06  Pylon  
  148  9:15  Dark Templar  
  127  9:27  Probe x2  
  123  9:35  Immortal (Chrono Boost)  
  123  9:37  Zealot x2, High Templar x3  
  123  9:38  High Templar  
  139  9:39  Zealot x3  
  139  9:41  Probe  
  139  9:44  Pylon  
  139  9:45  Pylon  
  146  9:46  Pylon  
  146  9:49  Photon Cannon  
  146  9:52  Photon Cannon  
Spawning Tool Build Advisor. Get it on Overwolf

Go to:

Details

  • Created by: PeterLiu
  • Published on: Mar 05, 2016
  • Modified on: Mar 05, 2016
  • Patch: Pre-3.8.0
Show
View Real Time Build Order
Export as new Build Order

Comments (0)

There are no comments. Be the first!

Create an account to comment!